 Dungeon Crawl Stone Soup version 0.28.0-53-g5a82cb258f (console) character file.

Game seed: 6952965729280630331

722 DuloT34 the Cudgeller (level 7, -8/38 HPs)
             Began as a Vine Stalker Berserker on June 12, 2022.
             Was a Believer of Trog.
             Mangled by an iguana (9 damage)
             ... on level 5 of the Dungeon.
             The game lasted 00:13:18 (2622 turns).

DuloT34 the Cudgeller (Vine Stalker Berserker)      Turns: 2622, Time: 00:13:19

Health: -8/38      AC:  5    Str: 22    XL:     7   Next: 71%
Magic:  0/8        EV: 12    Int:  7    God:    Trog [**....]
Gold:   58         SH:  0    Dex: 13    Spells: 6/6 levels left

rFire   . . .      SeeInvis .   i - +1 flail (drain)
rCold   . . .      Faith    .   (no shield)
rNeg    . . .      Spirit   +   l - +0 ring mail
rPois   +          Reflect  .   (no helmet)
rElec   .          Harm     .   (no cloak)
rCorr   +          Rampage  .   (no gloves)
Will    .....                   (no boots)
Stlth   +.........              m - amulet of regeneration
HPRegen 1.72/turn               f - ring of resist corrosion
MPRegen 0.11/turn               n - ring of poison resistance

@: on berserk cooldown
A: fangs 2, regeneration 1, magic shield, antimagic bite, no potion heal 2
a: Renounce Religion, Berserk, Trog's Hand


You were on level 5 of the Dungeon.
You worshipped Trog.
Trog was pleased with you.
You visited 1 branch of the dungeon, and saw 5 of its levels.

You collected 100 gold pieces.
You spent 42 gold pieces at shops.

Inventory:

Hand Weapons
 i - a +1 flail of draining (weapon)
Armour
 b - a +1 animal skin
 l - a +0 ring mail (worn)
Jewellery
 c - an amulet of magic regeneration
 f - a ring of resist corrosion (left hand)
 k - an amulet of faith
 m - an amulet of regeneration (around neck)
 n - a ring of poison resistance (right hand)
 o - a +6 ring of dexterity
Wands
 h - a wand of flame (14)
Potions
 a - a potion of haste
 d - 5 potions of curing
 e - 2 potions of lignification {unknown}
 g - 2 potions of heal wounds
 j - a potion of attraction {unknown}


   Skills:
 + Level 4.5 Fighting
 + Level 4.6 Maces & Flails
 + Level 3.7 Armour
 + Level 3.7 Dodging


You had 6 spell levels left.
You didn't know any spells.
Your spell library was empty.

Dungeon Overview and Level Annotations

Branches:
Dungeon (6/15)
 Temple: D:4-7

Altars:

Shops:
D:6 !((


Innate Abilities, Weirdness & Mutations

You have extremely sharp teeth.
Your natural rate of healing is unusually fast.
When hurt, damage is shared between your health and your magic reserves.
Your bite disrupts and absorbs the magic of your enemies.
Potions cannot restore your health.


Message History

Sigmund is lightly wounded.
Sigmund barely misses you. The iguana closely misses you.
You closely miss Sigmund. You bite Sigmund.
Sigmund's magic leaks into the air.
You drain his magic.
You feel invigorated.
Sigmund is moderately wounded.
The iguana completely misses you. Sigmund casts a spell at you.
The magic dart hits you! The iguana bites you! Sigmund closely misses you.
You sock Sigmund! You drain Sigmund. Your bite misses Sigmund.
Sigmund is severely wounded.
You feel the effects of Trog's Hand fading.
The iguana bites you! Sigmund misses you. The iguana bites you!
* * * LOW HITPOINT WARNING * * *
You hit Sigmund. You bite Sigmund.
Sigmund's magic leaks into the air.
You drain his magic.
You feel invigorated.
Sigmund is severely wounded.
The iguana bites you!
* * * LOW HITPOINT WARNING * * *
Sigmund closely misses you.
The iguana bites you but does no damage.
You hit Sigmund. You bite Sigmund.
You kill Sigmund!
Trog accepts your kill.
Trog appreciates your killing of a magic user.
The iguana bites you.
* * * LOW HITPOINT WARNING * * *
You closely miss the iguana. You bite the iguana, but do no damage.
Your skin stops crawling.
You feel less strong-willed. The iguana bites you.
* * * LOW HITPOINT WARNING * * *
The iguana barely misses you.
You have no ailments to cure.
You have no ailments to cure.
Okay, then.
You completely miss the iguana.
You feel yourself speed up. The iguana bites you!
* * * LOW HITPOINT WARNING * * *
The iguana bites you!
You die...

####. # ..... ##### #
.....#############...###
........................
........................
........................
..........†.............
........l...............
......)@..........#.....
........###.......######
(.......+...............
........################
......### ...... ######


You could see an iguana.

Vanquished Creatures
  Sigmund (D:5)
  An ice beast (D:6)
  A sky beast (D:5)
  A black bear (D:6)
  A kobold brigand (D:5)
  A centaur skeleton (D:6)
  Jessica (D:2)
  Natasha (D:3)
  An iguana (D:5)
  Terence (D:2)
  4 adders
  A dart slug (D:3)
  3 orcs
  6 bats
  9 endoplasms
  A giant cockroach (D:3)
  3 goblins (D:1)
  5 hobgoblins
  4 quokkas
  5 ball pythons
  5 frilled lizards
  7 kobolds
  3 rats
66 creatures vanquished.

Notes
Turn   | Place    | Note
-------+----------+-------------------------------------------
     0 | D:1      | DuloT34 the Vine Stalker Berserker began the quest for the
                  | Orb.
     0 | D:1      | Reached XP level 1. HP: 11/11 MP: 2/2
   149 | D:1      | Found a faded altar of an unknown god.
   315 | D:1      | Reached XP level 2. HP: 16/16 MP: 3/3
   770 | D:1      | Reached XP level 3. HP: 17/19 MP: 4/4
  1062 | D:1      | Reached ** piety under Trog
  1274 | D:2      | Noticed Terence
  1283 | D:2      | Killed Terence
  1284 | D:2      | Gained mutation: Your natural rate of healing is unusually
                  | fast. [Vine Stalker growth]
  1284 | D:2      | Reached XP level 4. HP: 5/24 MP: 2/5
  1674 | D:2      | Noticed Jessica
  1680 | D:2      | Killed Jessica
  1960 | D:3      | Reached XP level 5. HP: 21/28 MP: 6/6
  1969 | D:3      | Noticed Natasha
  1978 | D:3      | Killed Natasha
  2209 | D:3      | You fall into a shaft and drop 3 floors!
  2216 | D:6      | Found Voephyle's Weapon Shoppe.
  2236 | D:6      | Found Kuh Los's Distillery.
  2236 | D:6      | Noticed an ice beast
  2248 | D:6      | Killed an ice beast
  2249 | D:6      | Reached XP level 6. HP: 33/33 MP: 7/7
  2306 | D:6      | Bought a potion of curing for 42 gold pieces
  2402 | D:6      | Noticed a black bear
  2408 | D:6      | Killed a black bear
  2409 | D:6      | Found Tosenix's Weapon Shop.
  2419 | D:5      | Entered Level 5 of the Dungeon
  2430 | D:5      | Reached XP level 7. HP: 33/37 MP: 6/8
  2608 | D:5      | Noticed Sigmund
  2620 | D:5      | Killed Sigmund
  2622 | D:5      | HP: 1/38 [iguana (11)]
  2622 | D:5      | Mangled by an iguana

Illustrated notes

Levels and vault maps discovered:
D:1:      eino_arrival_water_cross, layout_loops_cross, basic_ecumenical_altar,
          minmay_box_of_dots
D:2:      layout_basic, uniq_jessica, uniq_terence
D:3:      layout_basic, uniq_natasha, uniq_robin
D:5:      layout_basic, uniq_sigmund, uniq_blork_the_orc
D:6:      layout_gridville, serial_shops, kennysheep_mini_moat,
          kennysheep_little_box, nicolae_shop_bloodbath_and_beyond,
          nicolae_lakefront_shop, nicolae_shop_stone, minivault_26

Skill      XL: |  1  2  3  4  5  6 |
---------------+-------------------+-----
Maces & Flails | 3 4 |  4.6
Fighting       | 3 4 |  4.5
Dodging        | 2 3 |  3.7
Armour         | 2 3 |  3.7

Action                   |  1- 3 |  4- 6 |  7- 9 || total
-------------------------+-------+-------+-------++-------
Melee: Mace              |    75 |     3 |       ||    78
       Bite              |    20 |    18 |     7 ||    45
       Flail             |       |    75 |    28 ||   103
       Punch             |       |     1 |     1 ||     2
Invok: Berserk           |     1 |     1 |     1 ||     3
       Trog's Hand       |     1 |       |     1 ||     2
  Use: Scroll            |     5 |     4 |       ||     9
 Stab: Sleeping          |     2 |       |       ||     2
Armor: Animal skin       |    18 |    12 |       ||    30
       Ring mail         |       |    16 |     8 ||    24
Dodge: Dodged            |    53 |    50 |    17 ||   120
